Map: Babylon LE

Players

BoneSaw

  • Race: Protoss Protoss
  • League: Gold
  • Spawn Location: 11:00

Herule (Snute) - Winner!

  • Race: Terran Terran
  • League: Diamond
  • Spawn Location: 5:00

VOD

Have the link to the VOD?

Description

Time

  • Played on: May 27, 2023, 10:24 p.m.
  • Length: 6:32
Show
View Real Time Build Order
Export as new Build Order

BoneSaw Protoss 

Build Orders:  

Get SALT Encoding   

  12  0:00  Probe  
  13  0:12  Probe  
  14  0:18  Pylon  
  14  0:24  Probe  
  15  0:38  Gateway  
  15  0:47  Gateway  
  15  0:51  Probe  
  16  0:58  Assimilator  
  16  1:05  Assimilator  
  16  1:08  Probe  
  17  1:20  Probe  
  18  1:26  Cybernetics Core  
  18  1:32  Probe  
  19  1:39  Pylon  
  19  1:44  Probe  
  20  1:59  Probe  
  21  2:02  Stalker (Chrono Boost)  
  21  2:05  Stalker (Chrono Boost)  
  25  2:09  Warp Gate (Chrono Boost)  
  25  2:24  Pylon  
  25  2:38  Probe  
  26  2:45  Twilight Council  
  26  2:54  Nexus  
  26  3:01  Probe  
  27  3:13  Probe  
  28  3:21  Charge (Chrono Boost)  
  28  3:25  Probe  
  29  3:37  Probe  
  30  3:41  Gateway  
  30  3:45  Gateway  
  30  3:49  Probe  
  31  3:59  Sentry  
  31  4:00  Stalker  
  36  4:04  Probe (Chrono Boost)  
  36  4:07  Probe (Chrono Boost)  
  39  4:17  Probe (Chrono Boost)  
  39  4:18  Probe (Chrono Boost)  
  39  4:22  Probe (Chrono Boost)  
  39  4:23  Gateway  
  40  4:26  Probe  
  41  4:34  Probe, Pylon  
  41  4:37  Pylon  
  41  4:38  Probe  
  43  4:46  Probe  
  44  4:54  Probe  
  44  4:56  Zealot  
  44  4:59  Nexus, Zealot  
  49  5:08  Probe  
  49  5:09  Probe  
  51  5:19  Robotics Facility  
  51  5:24  Zealot x3  
  51  5:25  Zealot  
  51  5:27  Probe x2  
  61  5:37  Gateway  
  61  5:38  Gateway  
  61  5:40  Zealot  
  63  5:46  Zealot  
  63  5:47  Zealot  
  67  5:50  Zealot  
  67  5:53  Pylon  
  55  6:17  Zealot x3  
  55  6:18  Zealot  
Show
View Real Time Build Order
Export as new Build Order

Herule Terran - Winner!

Build Orders:  

Get SALT Encoding   

  12  0:00  SCV  
  13  0:12  SCV  
  14  0:17  Supply Depot  
  14  0:25  SCV  
  15  0:32  Refinery  
  15  0:39  SCV  
  16  0:46  Barracks  
  16  0:51  SCV  
  17  1:03  SCV  
  18  1:09  Barracks  
  18  1:15  SCV  
  19  1:28  SCV  
  19  1:30  Refinery  
  20  1:33  Marine  
  21  1:41  Orbital Command  
  21  1:54  Supply Depot  
  21  2:01  Barracks Tech Lab  
  21  2:07  Marine  
  22  2:11  SCV  
  23  2:22  Stimpack  
  23  2:26  Marine  
  23  2:27  Barracks Tech Lab  
  25  2:30  SCV  
  25  2:34  Factory  
  25  2:42  SCV  
  26  2:44  Marine  
  26  2:48  Combat Shield  
  27  2:52  Marine  
  27  2:57  SCV  
  29  3:01  Supply Depot  
  29  3:08  Marine  
  30  3:13  Marine  
  31  3:23  Factory Reactor  
  31  3:26  Marine, Starport  
  32  3:30  Marine  
  32  3:38  SCV  
  33  3:42  Supply Depot  
  33  3:43  Marine  
  34  3:48  Marine  
  34  3:50  SCV  
  36  4:01  Marine  
  37  4:06  Marine  
  38  4:10  Medivac  
  38  4:11  Medivac  
  38  4:13  Factory Tech Lab  
  42  4:19  Supply Depot  
  42  4:20  Concussive Shells, Marauder  
  44  4:30  Barracks  
  44  4:34  Marauder  
  46  4:43  Engineering Bay  
  46  4:47  Marauder  
  48  4:57  Marauder  
  48  4:59  Supply Depot  
  50  5:04  Medivac  
  50  5:06  Siege Tank  
  55  5:21  Marauder  
  57  5:27  Marine, Barracks Reactor  
  58  5:32  Medivac  
  58  5:35  Supply Depot  
  60  5:42  Marauder  
  62  5:45  Marine  
  63  6:03  Marine  
Tags
 
Matchup
PvT
Player
Snute
Spawn Locations
Cross Positions
Add a new tag
Caveats
  • Supply blocks, unpowered buildings, or Contaminate may cause inaccurate times.
  • Supply counts are checked every 10 seconds.